 Dungeon Crawl Stone Soup version 0.25.1-4-g9407a263a5 (webtiles) character file.

Game seed: 5498784184531045535

86 Clowwww the Chopper (level 4, 0/36 HPs)
             Began as a Demonspawn Berserker on Nov 29, 2020.
             Was a Believer of Trog.
             Slain by an orc
             ... wielding a +0 whip
              (2 damage)
             ... on level 3 of the Dungeon.
             The game lasted 00:04:38 (2254 turns).

Clowwww the Chopper (Demonspawn Berserker)          Turns: 2254, Time: 00:04:39

Health: 0/36       AC:  3    Str: 18    XL:     4   Next: 27%
Magic:  4/4        EV: 12    Int:  8    God:    Trog [**....]
Gold:   184        SH:  0    Dex: 13    Spells: 3/3 levels left

rFire    . . .     SeeInvis .   a - +0 hand axe
rCold    . . .     Gourm    .   (no shield)
rNeg     . . .     Faith    .   b - +0 animal skin
rPois    .         Spirit   .   (helmet restricted)
rElec    .         Reflect  .   (no cloak)
rCorr    .         Harm     .   (no gloves)
MR       .....                  (no boots)
Stlth    +.........             (no amulet)
HPRegen  0.12/turn              (no ring)
MPRegen  0.09/turn              (no ring)

@: no status effects
A: antennae 1, rugged brown scales 1, powered by pain 1
a: Berserk, Trog's Hand, Renounce Religion


You were on level 3 of the Dungeon.
You worshipped Trog.
Trog was pleased with you.
You were hungry.

You visited 1 branch of the dungeon, and saw 3 of its levels.

You collected 184 gold pieces.

Inventory:

Hand Weapons
 a - a +0 hand axe (weapon)
Missiles
 j - 8 javelins (quivered)
 t - 12 poisoned darts
Armour
 b - a +0 animal skin (worn)
Jewellery
 e - an uncursed ring of magical power {unknown}
 o - a +6 ring of strength {unknown}
Scrolls
 d - a scroll of remove curse {unknown}
 g - 2 scrolls of blinking {unknown}
 h - a scroll of identify {unknown}
 i - a scroll of teleportation {unknown}
 k - a scroll of noise {unknown}
Potions
 f - a potion of invisibility {unknown}
 l - a potion of brilliance {unknown}
 m - a potion of heal wounds {unknown}
 n - 2 potions of magic {unknown}
 p - a potion of mutation {unknown}
 r - a potion of lignification {unknown}
 s - a potion of stabbing {unknown}
Comestibles
 c - 3 rations
 q - a chunk of flesh


   Skills:
 + Level 3.5 Fighting
 + Level 3.9 Axes
 + Level 0.5 Throwing
 + Level 1.8 Armour
 + Level 2.2 Dodging
 + Level 0.1 Stealth


You had 3 spell levels left.
You didn't know any spells.
Your spell library was empty.

Dungeon Overview and Level Annotations

Branches:
Dungeon (3/15)

Altars:
Wu Jian


Innate Abilities, Weirdness & Mutations

You have a pair of small antennae on your head.
You are partially covered in rugged brown scales. (AC +1, +3% HP)
You sometimes gain a little power by taking damage.


Message History

* * * LOW HITPOINT WARNING * * *
You hit the orc but do no damage.
The orc is lightly wounded.
You completely miss the orc. The orc closely misses you. The orc hits you.
* * * LOW HITPOINT WARNING * * *
You closely miss the orc.
The orc is lightly wounded.
The orc completely misses you.
You closely miss the orc.
The orc is lightly wounded.
The orc hits you but does no damage.
You are feeling hungry.
You hit the orc.
The orc is moderately wounded.
The orc hits you with a +0 whip.
* * * LOW HITPOINT WARNING * * *
You hit the orc but do no damage.
The orc is moderately wounded.
The orc hits you with a +0 whip.
You die...

.....# #...!.≈.#####
.....## ##......≈....#
......####............#
......................#
.....)................#
.≈≈..........≈≈).#.......
..≈..........≈..o#....###
#..............#o####.#
##.....≈......##@# #
##...≈.≈....###.#
############ #.# #.# #.#
#.# #.# #.#


You could see 2 orcs.

Vanquished Creatures
  4 adders
  An ooze (D:2)
  A worm (D:2)
  3 bats
  4 giant cockroaches
  4 goblins
  9 hobgoblins
  3 jackals (D:2)
  A quokka (D:2)
  A ball python (D:2)
  2 frilled lizards
  2 kobolds (D:2)
  7 rats
42 creatures vanquished.

Notes
Turn   | Place    | Note
-------+----------+-------------------------------------------
     0 | D:1      | Clowwww the Demonspawn Berserker began the quest for the
                  | Orb.
     0 | D:1      | Reached XP level 1. HP: 18/18 MP: 1/1
   399 | D:1      | Gained mutation: You have a pair of small antennae on your
                  | head. [demonic ancestry]
   399 | D:1      | Reached XP level 2. HP: 24/24 MP: 2/2
  1114 | D:2      | Gained mutation: You sometimes gain a little power by
                  | taking damage. [demonic ancestry]
  1114 | D:2      | Reached XP level 3. HP: 4/29 MP: 3/3
  1118 | D:2      | HP: 2/43 [poisoned by an adder]
  1967 | D:2      | Found an ornate altar of the Wu Jian Council.
  2035 | D:2      | Reached ** piety under Trog
  2163 | D:3      | Gained mutation: You are partially covered in rugged brown
                  | scales. (AC +1, +3% HP) [demonic ancestry]
  2163 | D:3      | Reached XP level 4. HP: 14/36 MP: 4/4
  2253 | D:3      | HP: 1/36 [orc/+0 whip (5)]
  2254 | D:3      | Slain by an orc

Illustrated notes

Levels and vault maps discovered:
D:1:      tarquinn_simple_flora_water_d, layout_loops_ring
D:2:      cheibrodos_helix_gallery, layout_rooms, lemuel_doored_altar,
          minmay_heptomino_h4
D:3:      layout_basic, kennysheep_decorative_pillar,
          nicolae_gozag_seed_capital, uniq_jessica

Skill      XL: |  1  2 |
---------------+-------+-----
Axes           | 3 |  3.9
Dodging        | 2 |  2.2
Fighting       | |  3.5
Throwing       | |  0.5
Armour         | |  1.8
Stealth        | |  0.1

Action                   |  1- 3 |  4- 6 || total
-------------------------+-------+-------++-------
Melee: Hand axe          |   129 |    23 ||   152
Throw: Javelin           |     2 |       ||     2
Invok: Berserk           |     1 |       ||     1
       Trog's Hand       |       |     1 ||     1
  Use: Potion            |     2 |       ||     2
  Eat: Chunk             |     5 |       ||     5
Armor: Animal skin       |    21 |     4 ||    25
Dodge: Dodged            |    91 |    18 ||   109
